Description

2-Base Zealot All-In against Zerg. Once the Warp Prism arrives, warp in a wave of Zealots half way across the map, and then charge towards the Zerg base.

Replay - Feniks v Snyper - Ascension to Aiur LE

Build Order

Get SALT Encoding   

  12  0:04  Probe (Chrono Boost)  
  13  0:17  Pylon  
  13  0:23  Probe (Chrono Boost)  
  14  0:33  Probe (Chrono Boost)  
  15  0:35  Gateway  
  15  0:44  Probe (Chrono Boost)  
  15  0:47  Assimilator  
  16  0:54  Probe (Chrono Boost)  
  17  1:05  Probe (Chrono Boost)  
  18  1:15  Probe (Chrono Boost)  
  19  1:26  Nexus  
  19  1:37  Cybernetics Core  
  20  1:40  Probe (Chrono Boost)  
  20  1:46  Assimilator  
  20  1:50  Probe (Chrono Boost)  
  21  1:58  Pylon  
  21  2:01  Probe (Chrono Boost)  
  23  2:20  Twilight Council  
  23  2:23  Stalker (Chrono Boost)  
  25  2:39  Robotics Facility  
  29  3:06  Charge  
  33  3:32  Gateway x2  
  35  3:37  Gateway  
  37  3:49  Gateway  
  37  3:53  Warp Gate (Chrono Boost)  
  37  4:13  Warp Prism, Pylon x2  
  39  4:23  Gateway x2  
  39  4:34  Pylon  
  42  5:04  Gateway  
  42  6:00  Zealot x7  
  56  6:12  Gateway x2  
  56  6:13  Zealot  
  58  6:27  Zealot x2  
Spawning Tool Build Advisor. Get it on Overwolf

Go to:

Details

  • Created by: FeniksGG  
  • Published on: Sep 18, 2017
  • Modified on: Sep 18, 2017
  • Patch: 3.8.0
Show
View Real Time Build Order
Export as new Build Order

Comments (1)

On Feb. 25, 2022, 12:32 p.m., caleb  said:

Create an account to comment!